 Dungeon Crawl Stone Soup version 0.32-a0-411-g744942f433 (webtiles) character file.

Game seed: 5490140900335810143

584 BubbleThief the Covert (level 7, -2/46 HPs)
             Began as a Vampire Enchanter on Feb 20, 2024.
             Was an Initiate of Dithmenos.
             Incinerated by a bombardier beetle (4 damage)
             ... with a burning spray
             ... on level 4 of the Dungeon.
             The game lasted 00:04:42 (3835 turns).

BubbleThief the Covert (Vampire Enchanter)          Turns: 3835, Time: 00:04:43

Health: -2/46      AC:  3    Str:  7    XL:     7   Next: 14%
Magic:  10/10      EV: 12    Int: 17    God:    Dithmenos [......]
Gold:   187        SH:  0    Dex: 17    Spells: 8/10 levels left

rFire   . . .        l - +1 dagger (speed)
rCold   . . .        (no shield)
rNeg    . . .        b - +0 robe
rPois   .            (no helmet)
rElec   .            (no cloak)
rCorr   .            (no gloves)
SInv    +            t - +0 pair of boots
Will    .....        (no amulet)
Stlth   ++           (no ring)
HPRegen 0.47/turn    (no ring)
MPRegen 0.12/turn

%: no passive effects
@: on fire, healing quickly, glowing
A: alive, fangs 3, see invisible, vampiric 2
a: Exsanguinate, Renounce Religion


You were on level 4 of the Dungeon.
You worshipped Dithmenos.
Dithmenos was noncommittal.
You visited 2 branches of the dungeon, and saw 5 of its levels.

You collected 187 gold pieces.

Inventory:

Hand Weapons
 a - a +1 dagger
 l - a +1 dagger of speed (weapon)
Missiles
 m - 3 curare-tipped darts (quivered)
Armour
 b - a +0 robe (worn)
 t - a +0 pair of boots (worn)
Jewellery
 n - a +6 ring of strength
 s - a ring of resist corrosion
Scrolls
 e - 3 scrolls of identify {unknown}
 h - 2 scrolls of revelation {unknown}
 i - a scroll of vulnerability {unknown}
 j - a scroll of noise {unknown}
 k - a scroll of fear {unknown}
 o - 2 scrolls of immolation {unknown}
 r - 2 scrolls of teleportation {unknown}
Potions
 c - 2 potions of invisibility
 d - a potion of lignification {unknown}
 f - 2 potions of haste {unknown}
 g - a potion of heal wounds {unknown}
 p - a potion of brilliance {unknown}
 q - a potion of curing {unknown}


   Skills:
 + Level 4.6 Short Blades
 - Level 2.1 Dodging
 + Level 8.0 Stealth
 - Level 2.0 Spellcasting
 + Level 7.4 Hexes
 + Level 2.0 Ice Magic


You had 8 spell levels left.
You knew the following spells:

 Your Spells              Type           Power      Damage    Failure   Level
a - Ensorcelled Hibernat  Hex/Ice        34%        N/A       4%          2

Your spell library contained the following spells:

 Spells                   Type           Power      Damage    Failure   Level
 Confusing Touch          Hex            26%        N/A       2%          3
 Tukima's Dance           Hex            26%        N/A       2%          3
 Dazzling Flash           Conj/Hex       28%        N/A       13%         3
 Gell's Gravitas          Tloc           1%         N/A       50%         3
 Teleport Other           Tloc           1%         N/A       50%         3
 Dispersal                Tloc           0%         N/A       100%        6


Dungeon Overview and Level Annotations

Branches:
Dungeon (4/15)             Temple (1/1) D:4

Altars:
Cheibriados
Dithmenos
Fedhas
Gozag
Hepliaklqana
Kikubaaqudgha
Nemelex Xobeh
Okawaru
Qazlal
Ru
Sif Muna
Uskayaw
Vehumet
Wu Jian
Xom
Yredelemnul

Shops:
D:2 *


Innate Abilities, Weirdness & Mutations

Your natural rate of healing is accelerated.
You have razor-sharp teeth.
You have supernaturally acute eyesight. (SInv)
You are afflicted with vampirism and can become a bat while bloodless.


Message History

The bombardier beetle is almost dead.
The liquid fire burns you!
The bombardier beetle closely misses you.
Unknown command.
Press < or > to pray at altars.
You hit the bombardier beetle.
The bombardier beetle is almost dead.
The liquid fire burns you!
You hit the bombardier beetle but do no damage.
The bombardier beetle is almost dead.
The liquid fire burns you!
Unknown command.
Press < or > to pray at altars.
You closely miss the bombardier beetle.
You bite the bombardier beetle, but do no damage.
The bombardier beetle is almost dead.
The liquid fire burns you!
The bombardier beetle sprays incendiary fluid at you.
The burning spray hits you.
You are even more covered in liquid fire!
You hit the bombardier beetle.
You kill the bombardier beetle!
Dithmenos accepts your kill. The liquid fire burns you!
* * * LOW HITPOINT WARNING * * *
Your Stealth skill increases to level 8!
Your Ice Magic skill increases to level 2!
You shake off some of the fire as you move.
The liquid fire burns you!
* * * LOW HITPOINT WARNING * * *
Unknown command.
You shake off some of the fire as you move.
The liquid fire burns you!
* * * LOW HITPOINT WARNING * * *
You shake off some of the fire as you move.
The liquid fire burns you!
* * * LOW HITPOINT WARNING * * *
You shake off some of the fire as you move.
The liquid fire burns you!
You die...

###'##...##...###+#####
#..#
#...##...##...##..##..#
#...
......................#
#...
...............!......#
#.>.
................_.....#
..####
.........#######......#
......
.........##...##......#
......
......................#
......
................@.....#
......
.........##...##....>.#
......
.........#######.$....#
...... ..........#
.......# ......
..........# .......#
###### ..........#
#........+ ..........#
#........# ..........#
#........# ###########


There were no monsters in sight!

Vanquished Creatures
  Sigmund (D:3)
  An ogre (D:4)
  3 bombardier beetles (D:4)
  An iguana (D:4)
  3 gnolls (D:3)
  5 adders
  2 dart slugs
  6 orcs (D:3)
  4 bats
  9 endoplasms
  6 giant cockroaches (D:1)
  6 goblins
  6 hobgoblins
  5 jackals
  8 kobolds
  5 ball pythons
  6 frilled lizards
  7 rats
84 creatures vanquished.

Notes
Turn   | Place    | Note
-------+----------+-------------------------------------------
     0 | D:1      | BubbleThief the Vampire Enchanter began the quest for the
                  | Orb.
     0 | D:1      | Reached XP level 1. HP: 13/13 MP: 3/3
    90 | D:1      | Reached XP level 2. HP: 16/19 MP: 5/5
   175 | D:1      | Reached skill level 5 in Stealth
   197 | D:1      | Reached skill level 5 in Hexes
   328 | D:1      | Gained mutation: You are afflicted with vampirism and can
                  | become a bat while bloodless. [Vampire growth]
   328 | D:1      | Reached XP level 3. HP: 21/24 MP: 6/6
   334 | D:1      | Learned a level 2 spell: Ensorcelled Hibernation
  1114 | D:2      | Reached XP level 4. HP: 9/30 MP: 7/7
  1512 | D:2      | Reached skill level 6 in Stealth
  1584 | D:2      | Found a transporter.
  1593 | D:2      | Found an ancient bone altar of Kikubaaqudgha.
  2012 | D:2      | Found a transporter.
  2012 | D:2      | Found Poagyit's General Store.
  2168 | D:3      | Noticed Sigmund
  2176 | D:3      | Killed Sigmund
  2177 | D:3      | Reached skill level 7 in Stealth
  2177 | D:3      | Reached XP level 5. HP: 35/35 MP: 5/8
  2208 | D:3      | Reached XP level 6. HP: 37/41 MP: 9/9
  2252 | D:3      | Found a shimmering altar of Xom.
  2920 | D:3      | Found a faded altar of an unknown god.
  3105 | D:4      | Found a staircase to the Ecumenical Temple.
  3150 | Temple   | Entered the Ecumenical Temple
  3160 | Temple   | Became a worshipper of Dithmenos the Shadowed
  3199 | D:4      | Reached skill level 1 in Ice Magic
  3614 | D:4      | Reached XP level 7. HP: 16/46 MP: 0/10
  3806 | D:4      | Found a blossoming altar of Fedhas.
  3832 | D:4      | Reached skill level 8 in Stealth
  3834 | D:4      | HP: 2/46 [burnt (2)]
  3835 | D:4      | Incinerated by a bombardier beetle

Illustrated notes

Levels and vault maps discovered:
D:1:      dpeg_arrival_prison, layout_loops_ring
D:2:      layout_loops_corners, basic_altar, serial_shops,
          nicolae_shop_drivethru
D:3:      layout_basic, overflow_temple_1_default,
          dreamdust_ecumenical_altar_hidden_monk_grotto, uniq_sigmund
D:4:      minmay_clustersquares, layout_gridville, overflow_temple_1_default,
          minmay_temple_entry_statues_pillars
Temple:   eino_temple_rhombus

Skill      XL: |  1  2  3  4  5  6  7 |
---------------+----------------------+-----
Stealth        | 5 7 8 |  8.0
Short Blades   | 2 3 4 |  4.6
Hexes          | 5 6 7 |  7.4
Ice Magic      | 1 2 |  2.0
Dodging        | |  2.1
Spellcasting   | |  2.0

Action                     |  1- 3 |  4- 6 |  7- 9 || total
---------------------------+-------+-------+-------++-------
  Melee: Dagger            |   116 |   132 |    31 ||   279
         Bite              |    10 |    13 |     9 ||    32
  Throw: Dart              |       |     4 |       ||     4
   Cast: Ensorcelled Hiber |       |    15 |       ||    15
   Stab: Sleeping          |    12 |    21 |     1 ||    34
 Armour: Robe              |    36 |    44 |     3 ||    83
  Dodge: Dodged            |    66 |    56 |     4 ||   126

Table legend: (Time is in decaauts)
 A = Elapsed time spent in this place.
 B = Non-inter-level travel time spent in this place.
 C = Inter-level travel time spent in this place.
 D = Time resting spent in this place.
 E = Time spent auto-exploring this place.
 F = Levels seen in this place.
 G = Mean time per level.
                   A        B        C        D        E       F      G
               +--------+--------+--------+--------+--------+-----+--------+
         Total |   3754 |   3498 |    256 |     12 |   2813 |   5 |  750.8 |
       Dungeon |   3733 |   3495 |    238 |     12 |   2813 |   4 |  933.2 |
        Temple |     20 |      2 |     18 |      0 |      0 |   1 |   20.0 |
               +--------+--------+--------+--------+--------+-----+--------+

Top non-repeatable levels by time:
     D:1: 1088 daAuts
     D:2: 1008 daAuts
     D:3: 943 daAuts
     D:4: 692 daAuts
  Temple: 20 daAuts
